 Dungeon Crawl Stone Soup version 0.31-a0-1057-g70f3316b05 (webtiles) character file.

Game seed: 14439711926673416262

3490 IndexError the Fighter (level 10, -6/84 HPs)
             Began as a Djinni Conjurer on Nov 20, 2023.
             Was an Initiate of Ashenzari.
             Mangled by Joseph
             ... wielding a +0 quarterstaff
              (9 damage)
             ... on level 7 of the Dungeon.
             The game lasted 00:16:32 (8529 turns).

IndexError the Fighter (Djinni Conjurer)            Turns: 8529, Time: 00:16:32

Health: -6/84      AC: 11    Str:  6    XL:     10   Next: 28%
Gold:   305        EV: 12    Int: 25    God:    Ashenzari [......] SH:  0 Dex: 11

rFire   + + +        e - staff of cold {rC+}
rCold   + . .        (no shield)
rNeg    . . .        m - +0 steam dragon scales "Manifest Insecurity" {Alch, Self} (curse)
rPois   ∞            s - +0 helmet
rElec   .            D - scarf {rC+ rF+}
rCorr   +            w - +0 pair of gloves
SInv    .            (boots unavailable)
Will    +....        g - amulet of the acrobat
Stlth   ++           k - +4 ring of protection
HPRegen 0.34/turn    C - ring of resist corrosion
MPRegen 0.00/turn

%: acrobat, infuse magic (-7 HP)
@: flying, very slightly contaminated, hasted, very quick
A: sickness immunity, fire resistance 2, cold vulnerability 1, float, innate
caster, HP casting, extra vitality 1
a: Renounce Religion, Shatter the Chains


You were on level 7 of the Dungeon.
You worshipped Ashenzari.
Ashenzari was noncommittal.
You visited 2 branches of the dungeon, and saw 8 of its levels.
You also visited: Ossuary.

You collected 305 gold pieces.

Inventory:

Missiles
 i - 2 throwing nets {=f, !d}
 E - 11 poisoned darts
Armour
 j - a +0 cloak
   (You found it on level 2 of the Dungeon)
 m - the cursed +0 steam dragon scales "Manifest Insecurity" (worn) {Alch, Self}
   (You took it off Maggie on level 7 of the Dungeon)

   It has a curse which improves the following skills: Alchemy: Poison Magic and
   Transmutations.
   Introspection: Fighting and Spellcasting.
 s - a +0 helmet (worn)
   (You took it off Robin on level 3 of the Dungeon)
 w - a +0 pair of gloves (worn)
   (You found it on level 4 of the Dungeon)
 D - a scarf of resistance (worn)
   (You found it on level 5 of the Dungeon)
Magical Staves
 e - a staff of cold (weapon) {rC+}
   (You found it on level 1 of the Dungeon)
 F - a staff of conjuration {!a}
   (You found it on level 7 of the Dungeon)
Jewellery
 g - an amulet of the acrobat (around neck)
   (You found it on level 1 of the Dungeon)
 k - a +4 ring of protection (left hand)
   (You found it on level 2 of the Dungeon)
 C - a ring of resist corrosion (right hand)
   (You found it on level 5 of the Dungeon)
Wands
 h - a wand of flame (43)
   (You found it on level 6 of the Dungeon)
Scrolls
 a - a scroll of teleportation {unknown}
 c - 3 scrolls of blinking {unknown}
 f - 9 scrolls of identify {unknown}
 p - a scroll of butterflies {unknown}
 q - a scroll of brand weapon {unknown}
 r - 5 scrolls of vulnerability {unknown}
 u - 2 scrolls of immolation {unknown}
 v - a scroll of amnesia {unknown}
 y - a scroll of poison {unknown}
 B - a scroll of fear {unknown}
Potions
 b - 2 potions of haste
 l - 2 potions of curing {unknown}
 n - a potion of ambrosia {unknown}
 o - a potion of attraction {unknown}
 t - 2 potions of might {unknown}
 x - 2 potions of mutation {!q}
 z - a potion of brilliance {unknown}
 A - 2 potions of invisibility {unknown}


   Skills:
 * Level 11.9(12.3) Fighting
 - Level 2.1 Dodging
 - Level 1.5 Stealth
 + Level 6.4(6.8) Spellcasting
 + Level 6.4 Conjurations
 + Level 6.4 Hexes
   Level 0.0 Charms
 + Level 6.4 Summonings
 + Level 6.4 Necromancy
 + Level 6.4 Translocations
 + Level 6.4(6.8) Transmutations
 + Level 6.4 Fire Magic
 + Level 6.4 Ice Magic
 + Level 6.4 Air Magic
 + Level 6.4 Earth Magic
 + Level 6.4(6.8) Poison Magic


You knew the following spells:

 Your Spells              Type           Power      Damage    Failure   Level
a - Magic Dart            Conj           100%       1d8       1%          1
b - Searing Ray           Conj           80%        2d7       1%          2
c - Dazzling Flash        Conj/Hex       80%        N/A       1%          3
d - Fulminant Prism       Conj/Hex       20%        3d12      4%          4
e - Momentum Strike       Conj/Tloc      80%        3d10      1%          2
f - Jinxbite              Hex            80%        N/A       1%          2
g - Apportation           Tloc           80%        N/A       1%          1
h - Summon Guardian Gole  Hex/Summ       40%        N/A       1%          3
x - Iskenderun's Mystic   Conj/Tloc      40%        2d9       4%          4
Your spell library was empty.

Dungeon Overview and Level Annotations

Branches:
Dungeon (7/15)             Temple (1/1) D:6         Ossuary (visited)

Altars:
Ashenzari
Cheibriados
Elyvilon
Fedhas
Hepliaklqana
Nemelex Xobeh
Okawaru
Ru
Trog
Uskayaw
Wu Jian
Xom
Yredelemnul
The Shining One

Shops:
D:6 =

Annotations:
D:7 Joseph


Innate Abilities, Weirdness & Mutations

You are immune to sickness and miasma.
You are immune to poison.
Your flesh is very heat resistant. (rF++)
You are vulnerable to cold. (rC-)
You float through the air rather than walking.
You learn spells naturally, not from books.
Your magical power is your life essence.
You have superior vitality. (+4 MHP)


Message History

The blast of energy engulfs the orc wizard!
The blast of energy engulfs the orc!
Casting: Fulminant Prism (dangerous; 5% risk of failure)
Confirm with . or Enter, or press ? or * to list all spells.
Aiming: Fulminant Prism (dangerous; 5% risk of failure)
Press: ? - help, Dir - move target You conjure a prism of explosive energy!
A fulminant prism comes into view.
Joseph shoots a sling bullet.
The sling bullet hits your fulminant prism!
You take 4 damage, and have 68/84 hp.
The orc wizard hits your fulminant prism with a +0 dagger.
Something misses you.
The orc wizard casts a spell.
The orc wizard flickers and vanishes!
Joseph shoots a sling bullet.
Casting: Fulminant Prism (dangerous; 5% risk of failure)
Confirm with . or Enter, or press ? or * to list all spells.
You erupt in a blast of force!
The mystic blast hits the hornet.
The hornet is knocked back by the mystic blast.
The mystic blast hits something.
Joseph shoots a sling bullet.
The sling bullet hits you!
Your magical contamination has completely faded away.
You take 16 damage, and have 53/84 hp.
Casting: Iskenderun's Mystic Blast (dangerous; 5% risk of failure)
Confirm with . or Enter, or press ? or * to list all spells.
You don't know that spell.
A puff of flame appears from out of thin air!
The puff of flame hits you. You resist.
You take 1 damage, and have 54/84 hp.
The hornet completely misses you. The hornet completely misses you.
You hit the hornet. The hornet stings you! The hornet closely misses you.
You take 7 damage, and have 48/84 hp.
The hornet completely misses you. The hornet attacks as it pursues you!
The hornet completely misses you. The hornet completely misses you. x2
Casting: Iskenderun's Mystic Blast (dangerous; 5% risk of failure)
Confirm with . or Enter, or press ? or * to list all spells.
You erupt in a blast of force!
The mystic blast hits the hornet!
The hornet is knocked back by the mystic blast.
You take 3 damage, and have 46/84 hp.
Casting: Iskenderun's Mystic Blast (dangerous; 5% risk of failure)
Confirm with . or Enter, or press ? or * to list all spells.
You can't see any susceptible monsters within range! (Use Z to cast anyway.)
Casting: Iskenderun's Mystic Blast (dangerous; 5% risk of failure)
Confirm with . or Enter, or press ? or * to list all spells.
You erupt in a blast of force!
The mystic blast hits something!
Reactivating autopickup.
You feel a bit more experienced.
You take 4 damage, and have 42/84 hp.
Casting: Iskenderun's Mystic Blast (dangerous; 4% risk of failure)
Confirm with . or Enter, or press ? or * to list all spells.
You erupt in a blast of force!
The mystic blast hits the hornet!!
Joseph shoots a sling bullet.
The sling bullet hits you.
You take 8 damage, and have 34/84 hp.
Casting: Iskenderun's Mystic Blast (dangerous; 4% risk of failure)
Confirm with . or Enter, or press ? or * to list all spells.
You don't know that spell.
You see here a +0 club.
Casting: Iskenderun's Mystic Blast (dangerous; 4% risk of failure)
Confirm with . or Enter, or press ? or * to list all spells.
You miscast Iskenderun's Mystic Blast.
You are very lightly contaminated with residual magic.
You catch a glimpse of the back of your own head.
You are magically locked in place.
You take 4 damage, and have 31/84 hp.
Casting: Iskenderun's Mystic Blast (dangerous; 4% risk of failure)
Confirm with . or Enter, or press ? or * to list all spells.
You erupt in a blast of force!
The mystic blast hits Joseph!
Joseph is knocked back by the mystic blast.
Joseph slams into the rock wall!
You take 4 damage, and have 27/84 hp.
Casting: Iskenderun's Mystic Blast (dangerous; 4% risk of failure)
Confirm with . or Enter, or press ? or * to list all spells.
You erupt in a blast of force!
The mystic blast hits Joseph!
Joseph is knocked back by the mystic blast.
Joseph slams into the rock wall!
The mystic blast hits something!
You feel a bit more experienced.
* * * LOW HITPOINT WARNING * * *
You are no longer firmly anchored in space.
You are no longer robbed of momentum.
Joseph shoots a sling bullet.
The sling bullet hits you!!
* * * LOW HITPOINT WARNING * * *
You take 21 damage, and have 6/84 hp.
MASSIVE DAMAGE!!
Casting: Iskenderun's Mystic Blast (dangerous; 4% risk of failure)
Confirm with . or Enter, or press ? or * to list all spells.
You miscast Iskenderun's Mystic Blast.
Nothing appears to happen.
* * * LOW HITPOINT WARNING * * *
Joseph grins evilly.
You take 4 damage, and have 2/84 hp.
It was a potion of haste.
You feel yourself speed up.
Joseph unwields a +0 sling.
Joseph wields a +0 quarterstaff.
Joseph hits you but does no damage.
It was a potion of mutation.
You feel extremely strange.
Okay, then.
Aiming: Throw Flame
Press: ? - help, Shift-Dir - straight line, f - Joseph
Aim: Joseph, wielding a +0 quarterstaff and wearing a +0 leather armour (severely wounded, 68% to hit)
The puff of flame hits Joseph.
Joseph hits you with a +0 quarterstaff!
You die...

.. ...##....# #.......... ..##
#..#....# ###.......... ...#
#.#....###...###......
#(.##........#.#.# ###.#.# #..
#.###...#.#.#.#.#####.#.# ###..
#.......#.#.#.#.........# ......
#......)..#.#.######.##.#
......###......#@.#...####.#.####
........#......#@..........#.....
......#.#......+...#######.######
#.........@....##......# #.#.#
#..............##.....####.#.####
#..............##..........#....#
#..............###...)..#.<..##.#
#.........#....# #...............
#.........'.#### #.....#...####.#
..........#.# #..######.# #..


You could see Joseph.

Vanquished Creatures
  Pikel (D:6)
  Maggie (D:7)
  A hornet (D:7)
  Prince Ribbit (D:6)
  Menkaure (D:4)
  Edmund (D:4)
  A water moccasin (D:7)
  Duvessa (D:6)
  A black bear (D:5)
  2 ice beasts (D:7)
  2 ogres
  2 lemures (D:6)
  2 elf zombies (Ossuary)
  A bullfrog (D:6)
  A gnoll sergeant (D:5)
  5 scorpions
  Dowan (D:6)
  2 human zombies (Ossuary)
  A jelly (D:5)
  Crazy Yiuf (D:4)
  3 hounds
  2 orc priests
  4 sleepcaps
  3 iguanas
  2 orc wizards (D:7)
  2 mummies (Ossuary)
  Robin (D:3)
  9 gnolls
  10 adders
  A shadow imp (D:5)
  A white imp (D:6)
  2 adder zombies (Ossuary)
  19 orcs
  5 endoplasms
  A giant cockroach (D:2)
  11 goblins
  11 hobgoblins
  3 jackals (D:2)
  8 kobolds
  3 quokkas
  3 ball pythons
  2 bats
  3 frilled lizards
  2 goblin zombies (Ossuary)
  9 hobgoblin zombies (Ossuary)
  8 kobold zombies (Ossuary)
  11 orc zombies (Ossuary)
  10 rats
  A rat zombie (Ossuary)
179 creatures vanquished.

Vanquished Creatures (others)
  21 fulminant prisms
21 creatures vanquished.

Grand Total: 200 creatures vanquished

Notes
Turn   | Place    | Note
-------+----------+-------------------------------------------
     0 | D:1      | IndexError the Djinni Conjurer began the quest for the Orb.
     0 | D:1      | IndexError set off with the following spells memorised:
                  | Magic Dart, Searing Ray, Dazzling Flash, Fulminant Prism,
                  | Iskenderun's Mystic Blast.
     0 | D:1      | Reached XP level 1. HP: 15/15 MP: 0/0
   139 | D:1      | Reached skill level 1 in Fighting
   139 | D:1      | Reached XP level 2. HP: 17/22 MP: 0/0
   298 | D:1      | Reached skill level 2 in Fighting
   298 | D:1      | Reached XP level 3. HP: 23/28 MP: 0/0
   298 | D:1      | Learned a level 1 spell: Apportation
   319 | D:1      | Found a faded altar of an unknown god.
  1032 | D:2      | Reached XP level 4. HP: 12/34 MP: 0/0
  1032 | D:2      | HP: 4/34 [gnoll/+0 spear (7)]
  1399 | D:2      | Reached skill level 3 in Fighting
  2048 | D:3      | Reached XP level 5. HP: 30/40 MP: 0/0
  2048 | D:3      | Learned a level 2 spell: Momentum Strike
  2307 | D:3      | Noticed Robin
  2313 | D:3      | Killed Robin
  2314 | D:3      | Reached skill level 4 in Fighting
  2409 | D:3      | Reached skill level 4 in Spellcasting
  2409 | D:3      | Reached skill level 4 in Conjurations
  2409 | D:3      | Reached skill level 4 in Hexes
  2409 | D:3      | Reached skill level 4 in Summonings
  2409 | D:3      | Reached skill level 4 in Necromancy
  2409 | D:3      | Reached skill level 4 in Translocations
  2409 | D:3      | Reached skill level 4 in Transmutations
  2409 | D:3      | Reached skill level 4 in Fire Magic
  2409 | D:3      | Reached skill level 4 in Ice Magic
  2409 | D:3      | Reached skill level 4 in Air Magic
  2409 | D:3      | Reached skill level 4 in Earth Magic
  2409 | D:3      | Reached skill level 4 in Poison Magic
  2409 | D:3      | Reached XP level 6. HP: 39/48 MP: 0/0
  2567 | D:3      | Found a blossoming altar of Fedhas.
  3314 | D:4      | Noticed Menkaure
  3321 | D:4      | Killed Menkaure
  3322 | D:4      | Reached skill level 5 in Fighting
  3418 | D:4      | Noticed Edmund
  3438 | D:4      | Killed Edmund
  3439 | D:4      | Reached skill level 6 in Fighting
  3439 | D:4      | Reached XP level 7. HP: 29/56 MP: 0/0
  3439 | D:4      | Learned a level 2 spell: Jinxbite
  3495 | D:4      | Found a sand-covered staircase.
  3503 | Ossuary  | Entered an ossuary
  3842 | Ossuary  | Reached XP level 8. HP: 8/62 MP: 0/0
  4000 | Ossuary  | Reached skill level 7 in Fighting
  4737 | D:4      | Found a runed translucent door.
  4738 | D:4      | Noticed Crazy Yiuf
  5134 | D:4      | Killed Crazy Yiuf
  5207 | D:5      | Entered Level 5 of the Dungeon
  5441 | D:5      | Reached skill level 8 in Fighting
  5441 | D:5      | Reached skill level 5 in Spellcasting
  5441 | D:5      | Reached skill level 5 in Conjurations
  5441 | D:5      | Reached skill level 5 in Hexes
  5441 | D:5      | Reached skill level 5 in Summonings
  5441 | D:5      | Reached skill level 5 in Necromancy
  5441 | D:5      | Reached skill level 5 in Translocations
  5441 | D:5      | Reached skill level 5 in Transmutations
  5441 | D:5      | Reached skill level 5 in Fire Magic
  5441 | D:5      | Reached skill level 5 in Ice Magic
  5441 | D:5      | Reached skill level 5 in Air Magic
  5441 | D:5      | Reached skill level 5 in Earth Magic
  5441 | D:5      | Reached skill level 5 in Poison Magic
  5752 | D:5      | Found a bloodstained altar of Trog.
  5760 | D:5      | Found a glowing golden altar of the Shining One.
  5762 | D:5      | Found an iron altar of Okawaru.
  5764 | D:5      | Found an ornate altar of the Wu Jian Council.
  6091 | D:5      | Found a hide-covered altar of Uskayaw.
  6116 | D:5      | Reached XP level 9. HP: 49/71 MP: 0/0
  6116 | D:5      | Learned a level 3 spell: Summon Guardian Golem
  6192 | D:5      | Found a basalt altar of Yredelemnul.
  6420 | D:6      | Reached skill level 9 in Fighting
  6430 | D:6      | Noticed Duvessa
  6437 | D:6      | Noticed Dowan
  6439 | D:6      | Killed Duvessa
  6443 | D:6      | Killed Dowan
  6725 | D:6      | Found a staircase to the Ecumenical Temple.
  6731 | Temple   | Found a transporter.
  6731 | Temple   | Found a transporter.
  6731 | Temple   | Found a transporter.
  6731 | Temple   | Found a transporter.
  6731 | Temple   | Entered the Ecumenical Temple
  6768 | Temple   | Became a worshipper of Ashenzari the Shackled
  7155 | D:6      | Noticed Pikel
  7171 | D:6      | Killed Pikel
  7172 | D:6      | Reached skill level 10 in Fighting
  7294 | D:6      | Noticed Prince Ribbit
  7306 | D:6      | Killed Prince Ribbit
  7475 | D:6      | Found Qirchy's Jewellery Emporium.
  7552 | D:6      | Reached skill level 6 in Spellcasting
  7552 | D:6      | Reached skill level 6 in Conjurations
  7552 | D:6      | Reached skill level 6 in Hexes
  7552 | D:6      | Reached skill level 6 in Summonings
  7552 | D:6      | Reached skill level 6 in Necromancy
  7552 | D:6      | Reached skill level 6 in Translocations
  7552 | D:6      | Reached skill level 6 in Transmutations
  7552 | D:6      | Reached skill level 6 in Fire Magic
  7552 | D:6      | Reached skill level 6 in Ice Magic
  7552 | D:6      | Reached skill level 6 in Air Magic
  7552 | D:6      | Reached skill level 6 in Earth Magic
  7552 | D:6      | Reached skill level 6 in Poison Magic
  7912 | D:7      | Noticed Maggie
  7923 | D:7      | Killed Maggie
  7924 | D:7      | Reached skill level 11 in Fighting
  7924 | D:7      | Reached XP level 10. HP: 35/83 MP: 0/0
  8495 | D:7      | Noticed Joseph
  8525 | D:7      | HP: 6/84 [Joseph/sling bullet (18)]
  8529 | D:7      | Mangled by Joseph

Illustrated notes

Levels and vault maps discovered:
D:1:      sevenhm_arrival_forest_fort_large_2, layout_basic,
          shapermc_ecumenical_altar_acropolis, minmay_domino_2
D:2:      layout_basic, minmay_strange_pillars, st_stairs_12,
          nicolae_eternal_life, minmay_misc_feat_secret_circle,
          eino_tiny_chamber, grunt_ministairs_9
D:3:      layout_basic, lemuel_doored_altar, roderic_roman_lattice, uniq_robin
D:4:      layout_loops_corners, chequers_ossuary_entry_cave, uniq_edmund,
          uniq_crazy_yiuf_cottage, uniq_menkaure
D:5:      cheibrodos_helix_gallery, layout_loops_ring,
          mainiacjoe_overflow_alcove_2, chequers_temple_overflow_minitemple,
          minitemple, roderic_lattice_a
D:6:      layout_loops_ring, minmay_temple_entry_ruins, serial_shops, shop,
          kennysheep_minor_cross, uniq_pikel, uniq_duvessa, uniq_prince_ribbit1
D:7:      layout_basic, mainiacjoe_overflow_two_lobes, uniq_maggie, uniq_joseph
Temple:   hellmonk_temple_divided_pantheon

Skill      XL: |  1  2  3  4  5  6  7  8  9 |
---------------+----------------------------+-----
Fighting       | 1 2 3 4 6 8 11 | 11.9
Spellcasting   | 4 5 6 |  6.4
Conjurations   | 4 5 6 |  6.4
Hexes          | 4 5 6 |  6.4
Summonings     | 4 5 6 |  6.4
Necromancy     | 4 5 6 |  6.4
Translocations | 4 5 6 |  6.4
Transmutations | 4 5 6 |  6.4
Fire Magic     | 4 5 6 |  6.4
Ice Magic      | 4 5 6 |  6.4
Air Magic      | 4 5 6 |  6.4
Earth Magic    | 4 5 6 |  6.4
Poison Magic   | 4 5 6 |  6.4
Dodging        | |  2.1
Stealth        | |  1.5

Action                     |  1- 3 |  4- 6 |  7- 9 | 10-12 || total
---------------------------+-------+-------+-------+-------++-------
  Melee: Staff             |       |       |     2 |     1 ||     3
         Punch             |       |       |     1 |       ||     1
  Throw: Throwing net      |       |       |     1 |       ||     1
   Cast: Magic Dart        |    49 |    74 |   171 |    20 ||   314
         Searing Ray       |     2 |    18 |    33 |     4 ||    57
         Fulminant Prism   |       |     1 |    17 |     3 ||    21
         Iskenderun's Myst |       |       |     6 |     6 ||    12
 Invoke: Curse Item        |       |       |       |     1 ||     1
  Evoke: Wand              |       |       |       |     1 ||     1
    Use: Potion            |       |       |       |     2 ||     2
 Armour: Robe              |     2 |    11 |    38 |       ||    51
         Steam dragon scal |       |       |       |    10 ||    10
  Dodge: Dodged            |     3 |    32 |    69 |    13 ||   117

Table legend: (Time is in decaauts)
 A = Elapsed time spent in this place.
 B = Non-inter-level travel time spent in this place.
 C = Inter-level travel time spent in this place.
 D = Time resting spent in this place.
 E = Time spent auto-exploring this place.
 F = Levels seen in this place.
 G = Mean time per level.
                   A        B        C        D        E       F      G
               +--------+--------+--------+--------+--------+-----+--------+
         Total |   8539 |   7505 |   1034 |     69 |   6181 |   9 |  948.8 |
       Dungeon |   7758 |   6738 |   1020 |      0 |   5792 |   7 | 1108.3 |
        Temple |     53 |     39 |     14 |      0 |      0 |   1 |   53.0 |
       Ossuary |    728 |    728 |      0 |     69 |    389 |   1 |  728.0 |
               +--------+--------+--------+--------+--------+-----+--------+

Top non-repeatable levels by time:
     D:5: 1363 daAuts
     D:4: 1320 daAuts
     D:6: 1311 daAuts
     D:3: 1212 daAuts
     D:1: 1068 daAuts
     D:2: 1053 daAuts
 Ossuary: 728 daAuts
     D:7: 428 daAuts
  Temple: 53 daAuts

Levels and vault maps discovered:
D:1:      sevenhm_arrival_forest_fort_large_2, layout_basic,
          shapermc_ecumenical_altar_acropolis, minmay_domino_2
D:2:      layout_basic, minmay_strange_pillars, st_stairs_12,
          nicolae_eternal_life, minmay_misc_feat_secret_circle,
          eino_tiny_chamber, grunt_ministairs_9
D:3:      layout_basic, lemuel_doored_altar, roderic_roman_lattice, uniq_robin
D:4:      layout_loops_corners, chequers_ossuary_entry_cave, uniq_edmund,
          uniq_crazy_yiuf_cottage, uniq_menkaure
D:5:      cheibrodos_helix_gallery, layout_loops_ring,
          mainiacjoe_overflow_alcove_2, chequers_temple_overflow_minitemple,
          minitemple, roderic_lattice_a
D:6:      layout_loops_ring, minmay_temple_entry_ruins, serial_shops, shop,
          kennysheep_minor_cross, uniq_pikel, uniq_duvessa, uniq_prince_ribbit1
D:7:      layout_basic, mainiacjoe_overflow_two_lobes, uniq_maggie, uniq_joseph
Temple:   hellmonk_temple_divided_pantheon

Table legend: (Time is in decaauts)
 A = Elapsed time spent in this place.
 B = Non-inter-level travel time spent in this place.
 C = Inter-level travel time spent in this place.
 D = Time resting spent in this place.
 E = Time spent auto-exploring this place.
 F = Levels seen in this place.
 G = Mean time per level.
                   A        B        C        D        E       F      G
               +--------+--------+--------+--------+--------+-----+--------+
         Total |   8539 |   7505 |   1034 |     69 |   6181 |   9 |  948.8 |
       Dungeon |   7758 |   6738 |   1020 |      0 |   5792 |   7 | 1108.3 |
        Temple |     53 |     39 |     14 |      0 |      0 |   1 |   53.0 |
       Ossuary |    728 |    728 |      0 |     69 |    389 |   1 |  728.0 |
               +--------+--------+--------+--------+--------+-----+--------+

Top non-repeatable levels by time:
     D:5: 1363 daAuts
     D:4: 1320 daAuts
     D:6: 1311 daAuts
     D:3: 1212 daAuts
     D:1: 1068 daAuts
     D:2: 1053 daAuts
 Ossuary: 728 daAuts
     D:7: 428 daAuts
  Temple: 53 daAuts

Table legend:
 A = Kills in this place as a percentage of kills in the entire game.
 B = Kills by you in this place as a percentage of kills by you in the entire game.
 C = Kills by friends in this place as a percentage of kills by friends in the entire game.
 D = Other kills in this place as a percentage of other kills in the entire game.
 E = Experience gained in this place as a percentage of experience gained in the entire game.
 F = Experience gained in this place divided by the number of levels of this place that you have seen.
                   A       B       C       D       E      F
               +-------+-------+-------+-------+-------+----------------------
         Total | 100.0 | 100.0 |   N/A |   N/A | 100.0 | 554.1
       Dungeon |  78.0 |  78.0 |   N/A |   N/A |  92.8 | 661.1
       Ossuary |  22.0 |  22.0 |   N/A |   N/A |   7.2 | 359.0
               +-------+-------+-------+-------+-------+----------------------
